 Dungeon Crawl Stone Soup version 0.21-a0-426-g98080a9 (webtiles) character file.

21 kae the Ruffian (level 2, 0/23 HPs)
             Began as a Draconian Transmuter on Nov 6, 2017.
             Succumbed to an adder's poison
             ... on level 2 of the Dungeon.
             The game lasted 00:01:29 (1029 turns).

kae the Ruffian (Draconian Transmuter)              Turns: 1029, Time: 00:01:30

Health: 0/23       AC:  4    Str: 12    XL:     2   Next: 65%
Magic:  4/5        EV: 12    Int: 13    God:
Gold:   60         SH:  0    Dex: 11    Spells: 2/5 levels left

rFire    . . .     SeeInvis .   g - +0 club
rCold    . . .     Gourm    .   (no shield)
rNeg     . . .     Faith    .   (armour unavailable)
rPois    .         Spirit   .   (helmet restricted)
rElec    .         Reflect  .   (no cloak)
rCorr    .         Harm     .   (no gloves)
MR       .....                  (boots currently unavailable)
Stlth    +.........             (no amulet)
HPRegen  0.07/turn              (no ring)
MPRegen  0.09/turn              (no ring)

@: lethally poisoned (0 -> -14), appendage (expiring)
A: unfitting armour, talons 3, cold-blooded, AC +4
a: End Transformation


You were on level 2 of the Dungeon.
You were hungry.
You had grown temporary talons.
You visited 1 branch of the dungeon, and saw 2 of its levels.

You collected 60 gold pieces.

Inventory:

Hand Weapons
 g - a +0 club (weapon)
Missiles
 a - 11 arrows
Books
 b - a book of Changes

   Spells                             Type                      Level
   a - Beastly Appendage              Transmutation                1
   b - Sticks to Snakes               Transmutation                2
   c - Spider Form                    Transmutation/Poison         3
   d - Ice Form                       Ice/Transmutation            4
   e - Blade Hands                    Transmutation                5
Comestibles
 c - 3 bread rations


   Skills:
 - Level 1.1 Fighting
 - Level 1.7 Dodging
 * Level 3.5 Unarmed Combat
 + Level 2.2 Spellcasting
 + Level 2.3 Transmutations


You had 2 spell levels left.
You knew the following spells:

 Your Spells              Type           Power        Failure   Level  Hunger
a - Beastly Appendage     Tmut           #.....       10%         1    ##.....
b - Sticks to Snakes      Tmut           #.......     14%         2    ###....


Dungeon Overview and Level Annotations

Branches:
Dungeon (2/15)

Altars:


Innate Abilities, Weirdness & Mutations

Your plain brown scales are hard. (AC +4)
You cannot fit into any form of body armour.
You are cold-blooded and may be slowed by cold attacks.
You have claws for feet.


Message History

* * * LOW HITPOINT WARNING * * *
You are more poisoned.
The adder poisons you! The adder misses you.
You closely miss the adder. Your kick misses the adder.
The adder is severely wounded.
* * * LOW HITPOINT WARNING * * *
You feel sick. The adder closely misses you. The adder bites you.
* * * LOW HITPOINT WARNING * * *
You closely miss the adder.
Your tail-slap misses the adder.
The adder is severely wounded.
* * * LOW HITPOINT WARNING * * *
You feel sick. The adder barely misses you.
The adder bites you but does no damage.
Unknown command.
Unknown command.
Unknown command.
You aren't carrying any potions.
As you read the scroll of fog, it crumbles to dust.
The scroll dissolves into smoke.
You die...

... ... #.# #.#
#.### # #w#<#
#.#####S#.#
#.....#@#.#
####.##§#.#
#.....§§#.#
#.##.####.#######
#.##.............
#.#######.######.
#.# #.# #.# #.#
..# #.#


You could see an adder and a dart slug.

Vanquished Creatures
  3 bats (D:1)
  3 giant cockroaches (D:1)
  2 goblins (D:1)
  A frilled lizard (D:1)
  4 kobolds (D:1)
  5 rats (D:1)
18 creatures vanquished.

Vanquished Creatures (collateral kills)
  A worm (D:2)
1 creature vanquished.

Grand Total: 19 creatures vanquished

Notes
Turn   | Place    | Note
-------+----------+-------------------------------------------
     0 | D:1      | kae the Draconian Transmuter began the quest for the Orb.
     0 | D:1      | Reached XP level 1. HP: 16/16 MP: 3/3
   279 | D:1      | Reached XP level 2. HP: 19/23 MP: 3/5
   283 | D:1      | Learned a level 2 spell: Sticks to Snakes
  1028 | D:2      | HP: 1/23 [poisoned by an adder]
  1029 | D:2      | Succumbed to an adder's poison

Vault maps used:
D:1:      mrwooster_arrival_arrow, minmay_pentomino_s4
D:2:      minmay_statues_item

Action                   || total
-------------------------++-------
Melee: Unarmed           ||    38
       Club              ||    43
       Kick              ||     4
       Tailslap          ||     3
       Punch             ||     1
 Cast: Beastly Appendage ||     4
       Sticks to Snakes  ||     1
  Use: Scroll            ||     4
Armor: Skin              ||    30
Dodge: Dodged            ||    76

Table legend:
 A = Spawn XP
 B = Non-spawn XP
 C = Spawn XP percentage of total XP
 D = Spawn monster count
 E = Non-spawn monster count
 F = Spawn count percentage of total count
 G = Total turns spent on level
                    A         B        C        D         E        F      G
               +---------+---------+-------+---------+---------+-------+---------
         Total |       0 |      31 |   0.0 |       0 |      19 |   0.0 |  1029
               +---------+---------+-------+---------+---------+-------+---------
           D:1 |       0 |      27 |   0.0 |       0 |      18 |   0.0 |   662
           D:2 |       0 |       4 |   0.0 |       0 |       1 |   0.0 |   367
               +---------+---------+-------+---------+---------+-------+---------
